Map: Kairos Junction LE

Players

sparkhadoop

  • Race: Zerg Zerg
  • League: Diamond
  • Spawn Location: 5:00

Parkkatz - Winner!

  • Race: Zerg Zerg
  • League: Platinum
  • Spawn Location: 11:00

VOD

Have the link to the VOD?

Description

Time

  • Played on: July 4, 2019, 6:31 p.m.
  • Length: 11:34
Show
View Real Time Build Order
Export as new Build Order

sparkhadoop Zerg 

Build Orders: Pool First 

Get SALT Encoding   

  12  0:18  Spawning Pool  
  11  0:21  Drone  
  12  0:29  Drone  
  13  0:36  Drone  
  13  0:40  Overlord  
  14  1:06  Zergling x6  
  17  1:24  Zergling x2  
  17  1:25  Queen  
  20  1:40  Spine Crawler  
  20  1:44  Drone x2  
  21  1:57  Hatchery  
  21  1:58  Drone  
  20  2:48  Queen  
  21  2:54  Drone  
  22  3:10  Drone x2  
  22  3:11  Drone x3  
  26  3:23  Overlord  
  26  3:26  Queen  
  27  3:29  Overlord  
  27  3:31  Extractor  
  27  3:33  Extractor  
  25  4:13  Drone x6  
  31  4:18  Drone x3  
  34  4:24  Queen  
  27  5:17  Queen  
  27  5:21  Metabolic Boost  
  29  5:25  Baneling Nest  
  29  5:26  Drone  
  29  5:27  Drone x5  
  34  5:52  Overlord  
  34  6:06  Queen x2  
  38  6:18  Hatchery  
  37  6:42  Lair, Queen  
  37  6:46  Zergling x4  
  37  6:47  Zergling x22  
  44  6:54  Overlord x4  
  39  7:30  Queen  
  39  7:34  Queen  
  43  7:38  Zergling x14  
  43  7:39  Zergling x8  
  54  8:00  Baneling x6  
  54  8:01  Baneling x6  
  54  8:03  Zergling x2  
  55  8:06  Queen  
  55  8:07  Drone  
  45  8:44  Queen x3  
  51  8:54  Nydus Network  
  50  9:11  Baneling x2  
  50  9:12  Baneling x4  
  50  9:14  Zergling x10  
  50  9:55  Zergling x6  
  50  9:56  Zergling x16  
  50  9:57  Zergling x2  
  40  10:30  Queen x2  
  40  10:48  Zergling x2  
  40  10:49  Zergling x14  
  48  11:04  Zergling x8  
Show
View Real Time Build Order
Export as new Build Order

Parkkatz Zerg - Winner!

Build Orders: Hatch First 

Get SALT Encoding   

  12  0:01  Drone  
  13  0:14  Overlord  
  13  0:16  Drone  
  14  0:33  Drone x2  
  16  0:37  Drone  
  17  0:47  Drone  
  18  0:58  Hatchery  
  18  1:01  Drone, Extractor  
  17  1:16  Spawning Pool  
  16  1:18  Drone  
  16  1:21  Drone  
  18  1:31  Drone  
  19  2:03  Zergling x4  
  19  2:08  Overlord  
  21  2:09  Queen  
  21  2:10  Zergling x2  
  21  2:13  Spine Crawler  
  23  2:22  Zergling x2  
  24  2:31  Zergling x2  
  23  2:41  Zergling x2  
  22  2:44  Queen  
  22  2:48  Zergling x2  
  23  2:58  Zergling x2  
  23  3:02  Metabolic Boost  
  22  3:08  Zergling x2  
  23  3:18  Zergling x4  
  23  3:19  Zergling x2  
  24  3:24  Zergling x2  
  25  3:35  Lair  
  25  3:37  Roach Warren  
  25  3:38  Zergling x2  
  25  3:39  Hatchery  
  24  3:58  Drone x4  
  24  3:59  Drone  
  29  4:18  Overlord  
  29  4:23  Overlord  
  28  4:40  Drone  
  28  4:41  Drone x2  
  29  4:51  Drone x2  
  30  5:02  Roach x2  
  30  5:03  Queen  
  34  5:10  Glial Reconstitution  
  34  5:13  Drone x2  
  36  5:21  Roach  
  38  5:28  Drone  
  39  5:29  Queen, Spine Crawler  
  39  5:32  Drone x4  
  44  5:41  Extractor  
  44  5:42  Extractor  
  42  5:43  Drone  
  42  5:49  Overlord  
  43  5:50  Overlord  
  43  5:56  Drone  
  44  6:08  Roach  
  44  6:09  Roach  
  44  6:10  Roach x3  
  54  6:16  Roach x3  
  60  6:21  Overlord x2  
  60  6:28  Drone, Extractor  
  60  6:39  Overlord  
  60  6:40  Drone  
  60  6:41  Drone  
  60  6:42  Drone  
  60  6:45  Drone x3  
  66  6:57  Hatchery  
  65  7:11  Roach x6  
  69  7:16  Drone, Overlord  
  69  7:17  Overlord  
  68  7:22  Evolution Chamber  
  68  7:23  Roach  
  63  7:34  Roach, Hydralisk Den  
  63  7:35  Roach x2  
  68  7:38  Roach  
  68  7:40  Overseer  
  70  7:48  Zerg Missile Weapons Level 1  
  70  7:49  Overseer  
  70  7:50  Roach  
  70  7:51  Roach  
  74  7:56  Roach  
  74  7:57  Roach  
  78  8:06  Drone x3  
  78  8:07  Drone x2  
  83  8:24  Muscular Augments  
  69  8:29  Roach x6  
  69  8:32  Drone x2  
  79  8:39  Drone x3  
  82  8:45  Spore Crawler  
  82  8:47  Roach x2  
  85  8:49  Drone  
  87  9:02  Drone  
  87  9:03  Drone x2  
  87  9:06  Spine Crawler  
  87  9:08  Drone x3  
  87  9:09  Roach x2  
  95  9:12  Overlord  
  95  9:18  Hydralisk x2  
  99  9:29  Roach  
  99  9:30  Roach x2  
  99  9:31  Roach x2  
  109  9:32  Roach  
  109  9:36  Pneumatized Carapace  
  109  9:37  Hydralisk  
  113  9:40  Drone  
  113  9:43  Overlord  
  113  9:45  Overlord  
  114  9:52  Grooved Spines  
  114  9:56  Extractor  
  114  9:57  Hydralisk, Extractor  
  114  9:58  Overlord x2  
  108  10:15  Hydralisk  
  108  10:16  Hydralisk x6  
  108  10:29  Drone x2  
  108  10:30  Drone x4  
  108  10:32  Drone x3  
  108  10:33  Drone  
  104  10:44  Hydralisk  
  104  10:45  Hydralisk x2  
  110  10:50  Hatchery  
  110  10:51  Spore Crawler  
  110  10:56  Hydralisk x2, Evolution Chamber  
  111  10:57  Hydralisk  
  111  11:01  Roach  
Tags
 
Add a new tag
Caveats
  • Supply blocks, unpowered buildings, or Contaminate may cause inaccurate times.
  • Supply counts are checked every 10 seconds.